 Dungeon Crawl Stone Soup version 0.18.1-48-g4cf74bf (webtiles) character file.

359 Alarkh the Shooter (level 6, -5/44 HPs)
             Began as a Mummy Hunter on Aug 14, 2016.
             Slain by an ogre
             ... wielding a +0 giant club
              (21 damage)
             ... on level 4 of the Dungeon.
             The game lasted 00:07:00 (3974 turns).

Alarkh the Shooter (Mummy Hunter)                   Turns: 3974, Time: 00:07:02

Health: -5/44      AC:  5    Str: 18    XL:     6   Next: 37%
Magic:  6/6        EV: 11    Int: 13    God:
Gold:   150        SH:  0    Dex: 12    Spells: 0 memorised, 5 levels left

rFire  x . .     SeeInvis .     b - +1 dagger (drain)
rCold  + . .     Gourm    .     c - +0 leather armour
rNeg   + + +     Faith    .     (no shield)
rPois  ∞         Spirit   .     (no helmet)
rElec  .         Dismiss  .     (no cloak)
rCorr  .         Reflect  .     j - +1 pair of gloves {Str+3}
SustAt .         Harm     +     (no boots)
MR     .....                    h - amulet of harm
Stlth  +.........               (no ring)
                                (no ring)

@: not resistant to hostile enchantments, very unstealthy
A: no food or potions, fire vulnerability, cold resistance 1, negative energy
resistance 3, torment resistance, unbreathing
a: no special abilities


You were on level 4 of the Dungeon.
You were not hungry.

You visited 1 branch of the dungeon, and saw 4 of its levels.
You also visited: Sewer.

You collected 150 gold pieces.

Inventory:

Hand Weapons
 a - a +1 shortbow
 b - a +1 dagger of draining (weapon)
 m - a +0 short sword
Missiles
 d - 26 arrows
 o - a throwing net (quivered)
Armour
 c - a +0 leather armour (worn)
 j - a +1 pair of gloves of strength (worn)
Jewellery
 h - an amulet of harm (around neck)
Scrolls
 e - a scroll of identify
 f - 5 scrolls of noise
 g - 2 scrolls of random uselessness
 k - a scroll of fog
 l - a scroll of remove curse
 n - a scroll of fear


   Skills:
 - Level 2.0 Fighting
 + Level 6.4 Bows
 - Level 1.5 Dodging
 - Level 0.7 Stealth


You had 5 spell levels left.
You didn't know any spells.

Dungeon Overview and Level Annotations

Branches:
Dungeon (4/15)
 Temple: D:4-7

Altars:
Trog

Annotations:
D:4 Trysia's ghost, amateur MiBe


Innate Abilities, Weirdness & Mutations

You do not eat or drink.
Your flesh is vulnerable to fire.
You are immune to poison.
Your flesh is cold resistant.
You are immune to negative energy.
You are immune to unholy pain and torment.
You can survive without breathing.


Message History

The ogre is moderately wounded.
The ogre hits you with a giant club!!
Ouch! That really hurt!
* * * LOW HITPOINT WARNING * * *
An ogre is nearby!
An ogre is nearby!
There is an open door here.
There is an open door here.
The ogre seems less drained.
The ogre hits you with a giant club!
* * * LOW HITPOINT WARNING * * *
There is a stone staircase leading up here.
The ogre closely misses you.
You open the door.
There is an open door here.
You open the door. The ogre hits you with a giant club.
* * * LOW HITPOINT WARNING * * *
There is an open door here.
The ogre hits you with a giant club!
You die...

##+####.≈#≈.≈#≈≈##.#
##...##≈÷)##≈÷.≈≈##.#
#.....#.≈≈###...###.#
........≈##<#####.#.#
........###....##.#.##
........'............#
........####...##.##.#
.......## ##.###.##.#
#.....## #..O@.##.#
##...## #..#####.#
##'## #..#####.# #.#
#........# #.#
##.####### ###.######
#.# #........# #.#
......##.#####.#
#..............#


You could see an ogre.

Vanquished Creatures
  2 orc wizards (D:4)
  2 hounds (D:4)
  A worker ant (D:4)
  5 adders
  2 gnolls (D:3)
  4 oozes
  An adder skeleton (D:3)
  5 worms
  2 dart slugs (D:1)
  10 giant geckos
  7 orcs
  2 ball pythons (Sewer)
  16 bats
  6 giant cockroaches
  4 hobgoblins
  12 jackals
  4 kobolds
  2 quokkas (D:2)
  4 giant newts
  10 goblins
  10 rats
111 creatures vanquished.

Notes
Turn   | Place    | Note
--------------------------------------------------------------
     0 | D:1      | Alarkh the Mummy Hunter began the quest for the Orb.
     0 | D:1      | Reached XP level 1. HP: 16/16 MP: 1/1
    59 | D:1      | Reached XP level 2. HP: 22/22 MP: 2/2
   419 | D:1      | Reached skill level 4 in Bows
   800 | D:2      | Reached XP level 3. HP: 25/27 MP: 3/3
  1267 | D:2      | Reached XP level 4. HP: 33/33 MP: 4/4
  1613 | D:3      | Found a bloodstained altar of Trog.
  1620 | D:3      | Reached skill level 5 in Bows
  2327 | D:3      | Reached XP level 5. HP: 37/38 MP: 5/5
  2557 | D:4      | Noticed Trysia's ghost (amateur MiBe)
  2631 | D:4      | Reached skill level 6 in Bows
  2768 | D:4      | Reached XP level 6. HP: 34/44 MP: 6/6
  2771 | D:4      | Found a glowing drain.
  2787 | Sewer    | Entered a sewer
  3974 | D:4      | Slain by an ogre

Skill      XL: |  1  2  3  4  5 |
---------------+----------------+-----
Bows           | 4 5 6 |  6.4
Fighting       | |  2.0
Dodging        | |  1.5
Stealth        | |  0.7

Action                   |  1- 3 |  4- 6 || total
-------------------------+-------+-------++-------
Melee: Short sword       |    53 |    44 ||    97
       Dagger            |       |   209 ||   209
 Fire: Shortbow          |    51 |    59 ||   110
  Use: Scroll            |     3 |     7 ||    10
 Stab: Sleeping          |     1 |     2 ||     3
Armor: Leather armour    |    30 |   159 ||   189
Dodge: Dodged            |    43 |   241 ||   284
